 Dungeon Crawl Stone Soup version 0.30-a0-305-g026cb31310 (webtiles) character file.

Game seed: 7913768163081613546

455 McGhostyFace the Magician (level 7, 0/50 HPs)
             Began as a Gnoll Hedge Wizard on Dec 30, 2021.
             Slain by an iguana (1 damage)
             ... on level 5 of the Dungeon on Oct 22, 2022.
             The game lasted 00:17:58 (7159 turns).

McGhostyFace the Magician (Gnoll Hedge Wizard)      Turns: 7159, Time: 00:17:58

Health: 0/50       AC:  3    Str:  9    XL:     7   Next: 5%
Magic:  2/18       EV: 12    Int: 16    God:
Gold:   384        SH:  4    Dex: 11    Spells: 13/21 levels left

rFire   . . .      SeeInvis .    a - +0 dagger
rCold   . . .      Faith    .    j - +0 buckler
rNeg    . . .      Spirit   .    w - +0 leather armour
rPois   .          Reflect  .    c - +0 hat
rElec   .          Harm     .    (no cloak)
rCorr   .          Rampage  .    (no gloves)
Will    .....                    (no boots)
Stlth   ++........               (no amulet)
HPRegen 0.28/turn                (no ring)
MPRegen 0.16/turn                (no ring)

@: very slightly contaminated
A: fangs 1, strong nose, distributed training
a: no special abilities


You were on level 5 of the Dungeon.
You visited 1 branch of the dungeon, and saw 5 of its levels.
You also visited: Ossuary.

You collected 384 gold pieces.

Inventory:

Hand Weapons
 a - a +0 dagger (weapon)
Missiles
 l - 21 poisoned darts (quivered)
Armour
 c - a +0 hat (worn)
 j - a +0 buckler (worn)
 w - a +0 leather armour (worn)
Wands
 x - a wand of flame (20)
Scrolls
 f - a scroll of enchant armour {unknown}
 g - 3 scrolls of identify {unknown}
 i - 3 scrolls of blinking {unknown}
 k - 2 scrolls of vulnerability {unknown}
 m - 2 scrolls of amnesia {unknown}
 n - a scroll of brand weapon {unknown}
 o - a scroll of teleportation {unknown}
 p - a scroll of fog {unknown}
 r - a scroll of acquirement {unknown}
 v - a scroll of silence {unknown}
Potions
 b - a potion of heal wounds {unknown}
 d - 2 potions of magic {unknown}
 e - 2 potions of haste
 h - a potion of brilliance {unknown}
 q - 3 potions of mutation {unknown}
 s - 2 potions of experience {unknown}
 t - a potion of resistance {unknown}
 u - a potion of invisibility {unknown}
 z - a potion of curing


   Skills:
 + Level 2.2 Fighting
 + Level 2.2 Short Blades
 + Level 2.2 Long Blades
 + Level 2.2 Axes
 + Level 2.2 Maces & Flails
 + Level 2.2 Polearms
 + Level 2.2 Staves
 + Level 2.2 Ranged Weapons
 + Level 2.2 Throwing
 + Level 2.2 Armour
 + Level 5.1 Dodging
 + Level 4.8 Stealth
 + Level 2.2 Shields
 + Level 2.2 Unarmed Combat
 + Level 7.5 Spellcasting
 + Level 2.8 Conjurations
 + Level 1.8 Hexes
 + Level 2.8 Summonings
 + Level 1.8 Necromancy
 + Level 2.8 Translocations
 + Level 1.8 Transmutations
 + Level 1.8 Fire Magic
 + Level 1.8 Ice Magic
 + Level 1.8 Air Magic
 + Level 1.8 Earth Magic
 + Level 1.8 Poison Magic
 + Level 2.5 Invocations
 + Level 2.2 Evocations


You had 13 spell levels left.
You knew the following spells:

 Your Spells              Type           Power      Damage    Failure   Level
a - Magic Dart            Conj           60%        1d6       7%          1
b - Blink                 Tloc           30%        N/A       10%         2
c - Call Imp              Summ           15%        N/A       10%         2
e - Mephitic Cloud        Conj/Pois/Air  13%        N/A       26%         3

Your spell library contained the following spells:

 Spells                   Type           Power      Damage    Failure   Level
 Beastly Appendage        Tmut           22%        N/A       11%         1
 Slow                     Hex            44%        N/A       11%         1
 Ensorcelled Hibernation  Hex/Ice        22%        N/A       16%         2
 Wereblood                Tmut           11%        N/A       16%         2
 Spider Form              Tmut/Pois      11%        N/A       30%         3
 Chain Lightning          Conj/Air       6%         3d8       100%        9
 Fire Storm               Conj/Fire      6%         8d2       100%        9
 Shatter                  Erth           5%         3d8*      100%        9


Dungeon Overview and Level Annotations

Branches:
Dungeon (5/15)            Ossuary (visited)
 Temple: D:4-7

Altars:
Kikubaaqudgha
Uskayaw
Wu Jian

Shops:
D:2 (


Innate Abilities, Weirdness & Mutations

You have very sharp teeth.
Your uncanny sense of smell can sniff out nearby items.
Your experience applies equally to all skills.


Message History

Confirm with . or Enter, or press ? or * to list all spells.
You miscast Call Imp.
You are very lightly contaminated with residual magic.
Nothing appears to happen.
You feel sick. The iguana bites you.
* * * LOW HITPOINT WARNING * * *
Your crimson imp hits the iguana.
You feel sick.
Casting: Call Imp (safe; 10% risk of failure)
Confirm with . or Enter, or press ? or * to list all spells.
You blink.
You feel sick.
The scorpion closely misses your crimson imp.
Casting: Blink (safe; 10% risk of failure)
Confirm with . or Enter, or press ? or * to list all spells.
Aiming: Mephitic Cloud (dangerous; 26% risk of failure)
Press: ? - help, Shift-Dir - straight line, f - iguana
Aim: an iguana (translocational energy, moderately wounded, ally target, chance to affect: 86%)
You miscast Mephitic Cloud.
Nothing appears to happen.
You feel sick. The scorpion stings your crimson imp.
You feel sick.
You feel sick.
You are no longer poisoned.
The iguana attacks as you move away! The iguana bites you.
* * * LOW HITPOINT WARNING * * *
You feel stable enough to blink again.
Your crimson imp blinks!
The iguana attacks as you move away!
The iguana bites you but does no damage.
Your crimson imp blinks!
Your crimson imp blinks!
The iguana attacks as you move away! The iguana bites you.
* * * LOW HITPOINT WARNING * * *
An orc priest comes into view. It is wielding a +0 flail.
The orc priest looks encouraged for a moment.
The iguana attacks as you move away! You block the iguana's attack.
The orc priest unwields a +0 flail.
The orc priest wields a +0 sling.
The orc priest shoots a sling bullet.
The sling bullet hits you.
* * * LOW HITPOINT WARNING * * *
Your crimson imp blinks!
The iguana attacks as you move away! The iguana bites you.
You die...

....##.......## ##...#..###....
..............### .#..).#.###....
#######.........##.#..#.#.##.....
#...............#.#.##.....
##.....n.###........#5.....
##.###s§...#...##......... #..
#..s.................
###...##l..#.?###........
###.#.@.......<....[...
#...###.............. #...
#.............. #.#.
#............## #..#.
#...o.#.....<# ...###
#............# #.##
..............# ..
..............# ..........#


You could see a necrophage, a scorpion and an iguana.

Vanquished Creatures
  A howler monkey (D:5)
  A bullfrog zombie (D:3)
  Ijyb (D:5)
  An iguana (D:4)
  A hound skeleton (D:4)
  6 mummies (Ossuary)
  A gnoll (D:1)
  4 adders
  An adder skeleton (D:4)
  4 orcs
  7 ball pythons
  10 endoplasms
  A giant cockroach (D:1)
  6 goblins
  12 hobgoblins
  3 jackals (D:1)
  6 kobolds
  5 quokkas
  9 bats
  5 frilled lizards
  2 gnoll zombies (Ossuary)
  2 hobgoblin zombies (Ossuary)
  2 kobold zombies (Ossuary)
  2 orc zombies (Ossuary)
  5 rats
98 creatures vanquished.

Vanquished Creatures (collateral kills)
  An iguana (D:4)
  An orc wizard (D:5)
  2 mummies (Ossuary)
  2 adders (D:5)
  2 orcs (D:5)
8 creatures vanquished.

Grand Total: 106 creatures vanquished

Notes
Turn   | Place    | Note
-------+----------+-------------------------------------------
     0 | D:1      | McGhostyFace the Gnoll Hedge Wizard began the quest for the
                  | Orb.
     0 | D:1      | Reached XP level 1. HP: 13/13 MP: 8/8
    16 | D:1      | Found a faded altar of an unknown god.
   187 | D:1      | Reached XP level 2. HP: 19/19 MP: 1/10
   597 | D:1      | Reached XP level 3. HP: 25/25 MP: 4/11
  1070 | D:1      | Reached skill level 1 in Invocations
  1485 | D:2      | Learned a level 2 spell: Blink
  1488 | D:2      | Learned a level 2 spell: Call Imp
  1492 | D:2      | Learned a level 7 spell: Conjure Flame
  1496 | D:2      | Learned a level 3 spell: Mephitic Cloud
  1897 | D:2      | Found Ceeschyri's Weapon Shop.
  1958 | D:2      | Reached skill level 1 in Fighting
  1958 | D:2      | Reached skill level 1 in Short Blades
  1958 | D:2      | Reached skill level 1 in Long Blades
  1958 | D:2      | Reached skill level 1 in Axes
  1958 | D:2      | Reached skill level 1 in Maces & Flails
  1958 | D:2      | Reached skill level 1 in Polearms
  1958 | D:2      | Reached skill level 1 in Staves
  1958 | D:2      | Reached skill level 1 in Slings
  1958 | D:2      | Reached skill level 1 in Ranged Weapons
  1958 | D:2      | Reached skill level 1 in Crossbows
  1958 | D:2      | Reached skill level 1 in Throwing
  1958 | D:2      | Reached skill level 1 in Armour
  1958 | D:2      | Reached skill level 1 in Shields
  1958 | D:2      | Reached skill level 1 in Unarmed Combat
  1958 | D:2      | Reached skill level 1 in Evocations
  2170 | D:2      | Reached XP level 4. HP: 32/32 MP: 9/13
  2656 | D:2      | Found an ancient bone altar of Kikubaaqudgha.
  3492 | D:3      | Reached skill level 1 in Hexes
  3492 | D:3      | Reached skill level 1 in Necromancy
  3492 | D:3      | Reached skill level 1 in Transmutations
  3492 | D:3      | Reached skill level 1 in Fire Magic
  3492 | D:3      | Reached skill level 1 in Ice Magic
  3492 | D:3      | Reached skill level 1 in Air Magic
  3492 | D:3      | Reached skill level 1 in Earth Magic
  3492 | D:3      | Reached skill level 1 in Poison Magic
  3976 | D:3      | Reached XP level 5. HP: 25/37 MP: 6/14
  4285 | D:4      | Found a sand-covered staircase.
  4290 | Ossuary  | Entered an ossuary
  5172 | Ossuary  | Reached XP level 6. HP: 23/44 MP: 16/16
  5631 | Ossuary  | Upgraded the game from 0.28-a0-1347-g113dc556a4 to
                  | 0.30-a0-305-g026cb31310
  5712 | D:4      | Found a hide-covered altar of Uskayaw.
  5728 | D:4      | Found an ornate altar of the Wu Jian Council.
  5954 | D:4      | Reached skill level 5 in Dodging
  6649 | D:5      | Entered Level 5 of the Dungeon
  6671 | D:5      | Noticed Ijyb
  6695 | D:5      | Killed Ijyb
  6881 | D:5      | Noticed an ice beast
  7111 | D:5      | Reached XP level 7. HP: 50/50 MP: 13/18
  7157 | D:5      | HP: 1/50 [orc priest/sling bullet (6)]
  7159 | D:5      | Slain by an iguana

Illustrated notes

Levels and vault maps discovered:
D:1:      amcnicky_arrival_blooded_trapdoor, layout_loops_ring,
          hellmonk_ecumenical_altar_pennies_from_heaven
D:2:      layout_loops_ring, serial_shops, nicolae_shop_hallway_stairs,
          basic_altar
D:3:      layout_loops_corners, hangedman_abyss_or_decor_stabs
D:4:      layout_cave_pods, eat_drink_and_be_merry_uskayaw,
          mainiacjoe_overflow_concentric_impassable, nicolae_ossuary_entry_plus
D:5:      cheibrodos_quashed, layout_rooms, supply_closet_lemuel, st_stairs_5,
          uniq_ijyb

Skill      XL: |  1  2  3  4  5  6 |
---------------+-------------------+-----
Conjurations   | 2 |  2.8
Summonings     | 2 |  2.8
Translocations | 2 |  2.8
Invocations    | 1 2 |  2.5
Fighting       | 1 2 |  2.2
Short Blades   | 1 2 |  2.2
Long Blades    | 1 2 |  2.2
Axes           | 1 2 |  2.2
Maces & Flails | 1 2 |  2.2
Polearms       | 1 2 |  2.2
Staves         | 1 2 |  2.2
Slings         | 1 3 |  0.0
Ranged Weapons | 1 2 |  2.2
Crossbows      | 1 3 |  0.0
Throwing       | 1 2 |  2.2
Armour         | 1 2 |  2.2
Shields        | 1 2 |  2.2
Unarmed Combat | 1 2 |  2.2
Evocations     | 1 2 |  2.2
Hexes          | 1 |  1.8
Necromancy     | 1 |  1.8
Transmutations | 1 |  1.8
Fire Magic     | 1 |  1.8
Ice Magic      | 1 |  1.8
Air Magic      | 1 |  1.8
Earth Magic    | 1 |  1.8
Poison Magic   | 1 |  1.8
Dodging        | 5 |  5.1
Stealth        | |  4.8
Spellcasting   | |  7.5

Action                   |  1- 3 |  4- 6 |  7- 9 || total
-------------------------+-------+-------+-------++-------
Melee: Dagger            |       |    96 |       ||    96
       Bite              |       |    14 |       ||    14
Throw: Dart              |       |     4 |       ||     4
 Cast: Magic Dart        |   101 |   196 |     5 ||   302
       Call Imp          |       |    20 |     3 ||    23
       Conjure Flame     |       |     1 |       ||     1
       Blink             |       |     6 |     1 ||     7
  Use: Scroll            |       |     3 |       ||     3
       Potion            |       |     3 |       ||     3
 Stab: Distracted        |       |     2 |       ||     2
       Sleeping          |       |     1 |       ||     1
Armor: Robe              |     1 |    12 |       ||    13
       Leather armour    |       |     3 |     2 ||     5
Dodge: Dodged            |     8 |    78 |     8 ||    94
Block: Buckler           |       |    28 |     3 ||    31

Table legend: (Time is in decaauts)
 A = Elapsed time spent in this place.
 B = Non-inter-level travel time spent in this place.
 C = Inter-level travel time spent in this place.
 D = Time resting spent in this place.
 E = Time spent auto-exploring this place.
 F = Levels seen in this place.
 G = Mean time per level.
                   A        B        C        D        E       F      G
               +--------+--------+--------+--------+--------+-----+--------+
         Total |   7136 |   6814 |    322 |   2041 |   3667 |   6 | 1189.3 |
       Dungeon |   5766 |   5444 |    322 |   1053 |   3569 |   5 | 1153.2 |
       Ossuary |   1370 |   1370 |      0 |    988 |     98 |   1 | 1370.0 |
               +--------+--------+--------+--------+--------+-----+--------+

Top non-repeatable levels by time:
     D:1: 1482 daAuts
     D:3: 1415 daAuts
 Ossuary: 1370 daAuts
     D:2: 1332 daAuts
     D:4: 1142 daAuts
     D:5: 393 daAuts
